 Dungeon Crawl Stone Soup version 0.29.0-4-gdea44cf6ec (webtiles) character file.

Game seed: 17143399757757530864

473 qw the Chopper (level 6, 0/52 HPs)
             Began as a Minotaur Fighter on Sept 6, 2022.
             Slain by an orc
             ... wielding a +0 trident
              (5 damage)
             ... on level 4 of the Dungeon.
             The game lasted 00:01:55 (3465 turns).

qw the Chopper (Minotaur Fighter)                   Turns: 3465, Time: 00:01:56

Health: 0/52       AC:  8    Str: 22    XL:     6   Next: 83%
Magic:  5/5        EV:  8    Int:  5    God:
Gold:   178        SH:  9    Dex: 10    Spells: 5/5 levels left

rFire   . . .      SeeInvis .   Y - +0 war axe (venom)
rCold   . . .      Faith    .   i - +0 kite shield
rNeg    . . .      Spirit   .   b - +0 scale mail
rPois   .          Reflect  .   (helmet restricted)
rElec   .          Harm     .   (no cloak)
rCorr   .          Rampage  .   g - +0 pair of gloves
Will    +....                   (no boots)
Stlth   ..........              (no amulet)
HPRegen 0.17/turn               h - ring of willpower
MPRegen 0.09/turn               (no ring)

@: weakened
A: horns 2, retaliatory headbutt
a: no special abilities


You were on level 4 of the Dungeon.
You visited 1 branch of the dungeon, and saw 4 of its levels.

You collected 178 gold pieces.


Innate Abilities, Weirdness & Mutations

You have a pair of horns on your head.
You reflexively headbutt those who attack you in melee.


   Skills:
 - Level 4.0 Fighting
 + Level 7.0 Axes
 - Level 3.6 Armour
 - Level 1.2 Dodging
 - Level 6.1 Shields


You had 5 spell levels left.
You didn't know any spells.
Your spell library was empty.

Inventory:

Hand Weapons
 s - a +0 flail
 Y - a +0 war axe of venom (weapon)
Missiles
 r - 6 boomerangs (quivered)
Armour
 b - a +0 scale mail (worn)
 g - a +0 pair of gloves (worn)
 i - a +0 kite shield (worn)
Jewellery
 h - a ring of willpower (left hand)
Scrolls
 f - a scroll of identify
Potions
 c - a potion of attraction {unknown}
 d - a potion of might
 e - 2 potions of curing
 j - a potion of berserk rage {unknown}
 k - a potion of brilliance {unknown}
 l - a potion of lignification {unknown}
 n - a potion of flight {unknown}
 o - a potion of magic {unknown}
 p - a potion of haste {unknown}

Dungeon Overview and Level Annotations

Branches:
Dungeon (4/15)
 Temple: D:4-7

Altars:
The Shining One

Shops:
D:1 :


Message History

You block the gnoll's attack. The gnoll closely misses you.
The orc hits you from afar with a +0 trident.
The orc priest mumbles some strange prayers to Beogh against you.
You resist with some effort.
The gnoll bouda gazes fiercely through you!
You feel as though you will be weak longer.
The gnoll bouda barely misses you. You furiously retaliate!
You headbutt the gnoll bouda. The gnoll hits you but does no damage.
You slash the orc priest!
You kill the orc priest!
You hit the gnoll bouda but do no damage.
The gnoll bouda is poisoned.
The gnoll hits you from afar with a +0 halberd!
The orc hits you from afar with a +0 trident.
The gnoll bouda hits you but does no damage.
The gnoll hits you from afar with a +1 vorpal spear.
The gnoll hits you from afar with a +0 halberd.
Your Fighting skill increases to level 4!
3464 ||| DRINKING potion of heal wounds.
You feel much better.
The orc hits you from afar with a +0 trident!
You block the gnoll bouda's attack. The dart slug launches a dart at you.
The slug dart hits you but does no damage.
A gnoll comes into view. It is wielding a +0 club.
You block the gnoll's attack.
A ball python comes into view.
The gnoll hits you from afar with a +0 halberd.
You barely miss the gnoll bouda.
The gnoll bouda is moderately wounded.
The gnoll is no longer moving quickly. x2; You block the orc's attack.
The gnoll barely misses you.
The gnoll bouda gazes fiercely through you!
You feel as though you will be weak longer.
The gnoll bouda hits you with a +0 whip!
The gnoll hits you but does no damage. The dart slug launches a dart at you.
The slug dart misses you. The gnoll hits you but does no damage.
The orc hits you from afar with a +0 trident.
You die... .. ... ... .... #.#### #...> .g...###..... #S$gg#.... ##ggggo.

#.wg))#
#.)@##
###..###
#...<#
#..#.##
##...#
......
...##...#
... #.#..
.. ...)..


You could see a gnoll bouda (very poisoned), 7 gnolls, a dart slug, an orc and a
ball python.

Vanquished Creatures
  Grinder (D:3)
  4 orc priests
  Jessica (D:3)
  A gnoll (D:4)
  4 adders
  3 worms (D:2)
  A dart slug (D:3)
  10 orcs
  3 bats
  6 endoplasms
  3 giant cockroaches (D:1)
  5 goblins
  8 hobgoblins
  4 jackals (D:1)
  2 quokkas
  7 ball pythons
  6 kobolds
  11 rats
80 creatures vanquished.

Notes
Turn   | Place    | Note
-------+----------+-------------------------------------------
     0 | D:1      | qw the Minotaur Fighter began the quest for the Orb.
     0 | D:1      | Reached XP level 1. HP: 19/19 MP: 0/0
     0 | D:1      | 0 ||| qw: Version: 0.1-a-108-g9e35731
     0 | D:1      | 0 ||| qw: Game counter: 6365
     0 | D:1      | 0 ||| qw: Always use a shield: true
     0 | D:1      | 0 ||| qw: God list: Ru
     0 | D:1      | 0 ||| qw: Allow faded altars: false
     0 | D:1      | 0 ||| qw: Do Orc after D:15 true
     0 | D:1      | 0 ||| qw: Do second Lair branch before Depths: true
     0 | D:1      | 0 ||| qw: Lair rune preference: random
     0 | D:1      | 0 ||| qw: Plans: Normal
     0 | D:1      | 0 ||| PLANNING D:1-11
    70 | D:1      | 70 ||| Stepping ~*~*~tactically~*~*~ (stealth).
    74 | D:1      | 74 ||| Stepping ~*~*~tactically~*~*~ (stealth).
    77 | D:1      | Reached skill level 3 in Axes
   203 | D:1      | Reached XP level 2. HP: 25/26 MP: 1/1
   423 | D:1      | Found Pob Ogeg's Book Emporium.
   434 | D:1      | 434 ||| UPGRADING to ring of willpower.
   453 | D:1      | Reached skill level 4 in Axes
   785 | D:1      | Reached XP level 3. HP: 31/31 MP: 2/2
   859 | D:1      | 859 ||| READING scroll labelled FUTASHR NULU.
   860 | D:1      | 860 ||| READING scroll labelled DEEBIP NOUSOG.
   861 | D:1      | 861 ||| READING scroll labelled ZIKEWEW DOOWK.
   862 | D:1      | 862 ||| READING scroll labelled CYCA ORCHIKK.
   863 | D:1      | 863 ||| READING scroll labelled GOWNIABRIX.
   864 | D:1      | 864 ||| DRINKING 2 murky white potions.
   865 | D:1      | 865 ||| Stepping randomly (stuck).
   866 | D:1      | 866 ||| Stepping ~*~*~tactically~*~*~ (cloud).
   871 | D:1      | HP: 7/31 [poisoned by you (poison gas)]
  1452 | D:2      | Reached skill level 5 in Axes
  1611 | D:2      | Reached skill level 1 in Dodging
  1611 | D:2      | Reached XP level 4. HP: 27/39 MP: 3/3
  2074 | D:2      | 2074 ||| DROPPING orb of energy.
  2075 | D:2      | 2075 ||| READING scroll labelled PYGEUR CELA.
  2078 | D:2      | 2078 ||| READING scroll labelled DIAC ULUUMAC.
  2079 | D:2      | 2079 ||| READING 2 scrolls of identify.
  2079 | D:2      | 2079 ||| IDENTIFYING sapphire potion
  2080 | D:2      | 2080 ||| DROPPING potion of degeneration.
  2197 | D:3      | Found a faded altar of an unknown god.
  2266 | D:3      | Noticed Jessica
  2276 | D:3      | Killed Jessica
  2401 | D:3      | 2401 ||| DROPPING +0 mace.
  2431 | D:3      | 2431 ||| Stepping ~*~*~tactically~*~*~ (hiding).
  2503 | D:3      | Reached skill level 6 in Axes
  2507 | D:3      | Found a glowing golden altar of the Shining One.
  2552 | D:3      | 2552 ||| UPGRADING to +0 pair of gloves.
  2557 | D:3      | 2557 ||| UPGRADING to +0 kite shield.
  2567 | D:3      | 2567 ||| DROPPING +0 buckler.
  2568 | D:3      | 2568 ||| READING scroll labelled VUORUPNAU PURR.
  2569 | D:3      | 2569 ||| DRINKING 2 yellow potions.
  2570 | D:3      | 2570 ||| Stepping randomly (stuck).
  2572 | D:3      | 2572 ||| Stepping randomly (stuck).
  2574 | D:3      | 2574 ||| Stepping randomly (stuck).
  2575 | D:3      | 2575 ||| Stepping ~*~*~tactically~*~*~ (hiding).
  2582 | D:3      | Reached XP level 5. HP: 45/45 MP: 4/4
  2585 | D:3      | 2585 ||| Stepping randomly (stuck).
  2586 | D:3      | 2586 ||| Stepping randomly (stuck).
  2587 | D:3      | 2587 ||| Stepping randomly (stuck).
  2588 | D:3      | 2588 ||| Stepping randomly (stuck).
  2590 | D:3      | 2590 ||| Stepping randomly (stuck).
  2592 | D:3      | 2592 ||| Stepping randomly (stuck).
  2594 | D:3      | 2594 ||| Stepping randomly (stuck).
  2596 | D:3      | 2596 ||| Stepping randomly (stuck).
  2598 | D:3      | 2598 ||| Stepping randomly (stuck).
  2599 | D:3      | 2599 ||| Stepping randomly (stuck).
  2600 | D:3      | 2600 ||| Stepping randomly (stuck).
  2601 | D:3      | 2601 ||| Stepping randomly (stuck).
  2602 | D:3      | 2602 ||| Stepping randomly (stuck).
  2603 | D:3      | 2603 ||| Stepping randomly (stuck).
  2604 | D:3      | 2604 ||| Stepping randomly (stuck).
  2605 | D:3      | 2605 ||| Stepping randomly (stuck).
  2606 | D:3      | 2606 ||| Stepping randomly (stuck).
  2607 | D:3      | 2607 ||| Stepping randomly (stuck).
  2608 | D:3      | 2608 ||| Stepping randomly (stuck).
  2609 | D:3      | 2609 ||| Stepping randomly (stuck).
  2610 | D:3      | 2610 ||| Stepping randomly (stuck).
  2631 | D:3      | Noticed Grinder
  2632 | D:3      | 2632 ||| Stepping ~*~*~tactically~*~*~ (hiding).
  2633 | D:3      | 2633 ||| Stepping ~*~*~tactically~*~*~ (hiding).
  2644 | D:3      | Killed Grinder
  2645 | D:3      | Reached skill level 6 in Shields
  2645 | D:3      | Reached XP level 6. HP: 17/51 MP: 5/5
  2649 | D:3      | 2649 ||| FLEEEEING.
  2650 | D:3      | 2650 ||| FLEEEEING.
  2656 | D:3      | 2656 ||| FLEEEEING.
  2657 | D:3      | 2657 ||| FLEEEEING.
  2658 | D:3      | 2658 ||| FLEEEEING.
  2662 | D:3      | 2662 ||| FLEEEEING.
  2663 | D:3      | 2663 ||| FLEEEEING.
  2664 | D:3      | 2664 ||| FLEEEEING.
  2675 | D:3      | 2675 ||| FLEEEEING.
  2676 | D:3      | 2676 ||| FLEEEEING.
  2677 | D:3      | 2677 ||| FLEEEEING.
  2688 | D:3      | 2688 ||| FLEEEEING.
  2689 | D:3      | 2689 ||| FLEEEEING.
  2690 | D:3      | 2690 ||| FLEEEEING.
  2691 | D:3      | 2691 ||| FLEEEEING.
  2692 | D:3      | 2692 ||| FLEEEEING.
  2693 | D:3      | 2693 ||| FLEEEEING.
  2694 | D:3      | 2694 ||| FLEEEEING.
  2695 | D:3      | 2695 ||| FLEEEEING.
  2696 | D:3      | 2696 ||| FLEEEEING.
  2697 | D:3      | 2697 ||| FLEEEEING.
  2698 | D:3      | 2698 ||| FLEEEEING.
  2699 | D:3      | 2699 ||| FLEEEEING.
  2700 | D:3      | 2700 ||| FLEEEEING.
  2701 | D:3      | 2701 ||| FLEEEEING.
  2702 | D:3      | 2702 ||| FLEEEEING.
  2703 | D:3      | 2703 ||| FLEEEEING.
  2704 | D:3      | 2704 ||| FLEEEEING.
  2705 | D:3      | 2705 ||| FLEEEEING.
  2706 | D:3      | 2706 ||| FLEEEEING.
  2707 | D:3      | 2707 ||| FLEEEEING.
  2708 | D:3      | 2708 ||| FLEEEEING.
  2709 | D:3      | 2709 ||| FLEEEEING.
  2710 | D:3      | 2710 ||| FLEEEEING.
  2711 | D:3      | 2711 ||| FLEEEEING.
  2712 | D:3      | 2712 ||| FLEEEEING.
  2713 | D:3      | 2713 ||| FLEEEEING.
  2714 | D:3      | 2714 ||| FLEEEEING.
  2715 | D:3      | 2715 ||| FLEEEEING.
  2716 | D:3      | 2716 ||| FLEEEEING.
  2717 | D:3      | 2717 ||| FLEEEEING.
  2731 | D:3      | 2731 ||| FLEEEEING.
  2732 | D:3      | 2732 ||| FLEEEEING.
  2733 | D:3      | 2733 ||| FLEEEEING.
  2734 | D:3      | 2734 ||| FLEEEEING.
  2735 | D:3      | 2735 ||| FLEEEEING.
  2736 | D:3      | 2736 ||| FLEEEEING.
  2737 | D:3      | 2737 ||| FLEEEEING.
  2738 | D:3      | 2738 ||| FLEEEEING.
  2739 | D:3      | 2739 ||| FLEEEEING.
  2740 | D:3      | 2740 ||| FLEEEEING.
  2741 | D:3      | 2741 ||| FLEEEEING.
  2742 | D:3      | 2742 ||| FLEEEEING.
  2743 | D:3      | 2743 ||| FLEEEEING.
  2744 | D:3      | 2744 ||| FLEEEEING.
  2745 | D:3      | 2745 ||| FLEEEEING.
  2746 | D:3      | 2746 ||| STAIRDANCE
  3178 | D:3      | 3178 ||| FLEEEEING.
  3179 | D:3      | 3179 ||| FLEEEEING.
  3183 | D:3      | 3183 ||| FLEEEEING.
  3184 | D:3      | 3184 ||| FLEEEEING.
  3185 | D:3      | 3185 ||| FLEEEEING.
  3274 | D:3      | 3274 ||| SWAPPING to +0 war axe of venom.
  3275 | D:3      | 3275 ||| DROPPING +0 war axe.
  3428 | D:3      | 3428 ||| READING scroll labelled ADAOBL WEMOEPU.
  3462 | D:4      | Reached skill level 7 in Axes
  3463 | D:4      | HP: 9/51 [gnoll/+0 halberd[a gnoll bouda] (8)]
  3463 | D:4      | HP: 4/51 [gnoll/+1 vorpal spear[a gnoll bouda] (1)]
  3463 | D:4      | HP: 1/51 [gnoll/+0 halberd[a gnoll bouda] (3)]
  3464 | D:4      | 3464 ||| DRINKING potion of heal wounds.
  3465 | D:4      | Slain by an orc

Levels and vault maps discovered:
D:1:      dpeg_arrival_prison, layout_basic, serial_shops, shop
D:2:      layout_basic, minmay_ruptured
D:3:      cheibrodos_pilgrimage, layout_basic, nicolae_tso_carved_into_rock,
          chequers_ecumenical_altar_island, serial_corexii_hall,
          corexii_hall_statues_u, corexii_hall_statues_i,
          corexii_hall_statues_x, chequers_hall_statues_y,
          chequers_serial_rivers_micro_a, uniq_grinder, uniq_jessica
D:4:      layout_cave_pools, serial_shops, nicolae_lakefront_shop,
          dk_noncrumbling_2, kennysheep_generic_room_10

Skill      XL: |  1  2  3  4  5  6 |
---------------+-------------------+-----
Axes           | 3 4 5 6 7 |  7.0
Dodging        | 1 |  1.2
Shields        | 6 |  6.1
Fighting       | 4 |  4.0
Armour         | |  3.6

Action                   |  1- 3 |  4- 6 || total
-------------------------+-------+-------++-------
Melee: War axe           |    94 |    74 ||   168
       Headbutt          |     9 |     7 ||    16
Throw: Boomerang         |       |    22 ||    22
  Use: Scroll            |     5 |     5 ||    10
       Potion            |     1 |     2 ||     3
Armor: Scale mail        |    36 |    34 ||    70
Dodge: Dodged            |    28 |    31 ||    59
Block: Buckler           |    16 |     5 ||    21
       Kite shield       |       |    24 ||    24

Table legend:
 A = Non-vault XP
 B = Vault XP
 C = Vault XP percentage of total XP
 D = Non-vault monster count
 E = Vault monster count
 F = Vault count percentage of total count
                 A         B        C        D         E       F
            +---------+---------+-------+---------+---------+-------
      Total |     260 |     416 |  61.5 |      65 |      15 |  18.8
            +---------+---------+-------+---------+---------+-------
        D:1 |      36 |       6 |  14.3 |      22 |       4 |  15.4
        D:2 |      56 |       8 |  12.5 |      17 |       3 |  15.0
        D:3 |      66 |     402 |  85.9 |      21 |       8 |  27.6
        D:4 |     102 |       0 |   0.0 |       5 |       0 |   0.0
            +---------+---------+-------+---------+---------+-------
